 Dungeon Crawl Stone Soup version 0.30-a0-571-gdf30a72648 (webtiles) character file.

Game seed: 11506393505769450145

71 bmack86 the Trooper (level 4, 0/40 HPs)
             Began as a Minotaur Fighter on Dec 29, 2022.
             Slain by Natasha (5 damage)
             ... on level 3 of the Dungeon.
             The game lasted 00:05:11 (2090 turns).

bmack86 the Trooper (Minotaur Fighter)              Turns: 2090, Time: 00:05:12

Health: 0/40       AC:  7    Str: 22    XL:     4   Next: 5%
Magic:  3/3        EV:  9    Int:  5    God:
Gold:   97         SH:  4    Dex: 10    Spells: 3/3 levels left

rFire   . . .      SeeInvis +    a - +0 war axe
rCold   . . .      Faith    .    c - +0 buckler
rNeg    . . .      Spirit   .    b - +0 scale mail
rPois   .          Reflect  .    (helmet restricted)
rElec   .          Harm     .    (no cloak)
rCorr   .          Rampage  .    (no gloves)
Will    .....                    (no boots) Stlth
                                 e - amulet of the acrobat
HPRegen 0.26/turn                l - +4 ring of slaying
MPRegen 0.08/turn                j - ring of see invisible

@: no status effects
A: horns 2, retaliatory headbutt
a: no special abilities


You were on level 3 of the Dungeon.
You visited 1 branch of the dungeon, and saw 3 of its levels.

You collected 97 gold pieces.

Inventory:

Hand Weapons
 a - a +0 war axe (weapon)
Missiles
 k - 2 poisoned darts (quivered)
Armour
 b - a +0 scale mail (worn)
 c - a +0 buckler (worn)
Jewellery
 e - an amulet of the acrobat (around neck)
 j - a ring of see invisible (right hand)
 l - a +4 ring of slaying (left hand)
Scrolls
 f - a scroll of teleportation
 h - a scroll of magic mapping
 i - a scroll of fog
 n - 3 scrolls of blinking {unknown}
 o - a scroll of immolation {unknown}
Potions
 d - a potion of might
 g - 2 potions of heal wounds
 m - a potion of brilliance
 q - a potion of curing {unknown}


   Skills:
 + Level 4.2 Fighting
 * Level 3.6 Axes
 + Level 1.0 Throwing
 + Level 4.1 Armour
 + Level 4.1 Shields


You had 3 spell levels left.
You didn't know any spells.
Your spell library contained the following spells:

 Spells                   Type           Power      Damage    Failure   Level
 Shock                    Conj/Air       0%         1d3       87%         1


Dungeon Overview and Level Annotations

Branches:
Dungeon (3/15)

Altars:
Zin

Annotations:
D:3 Grinder, Natasha


Innate Abilities, Weirdness & Mutations

You have a pair of horns on your head.
You reflexively headbutt those who attack you in melee.


Message History

The angel shouts!
n - 3 scrolls labelled MAISKA GYRE (gained 1)
Found a robe and a scroll of identify.
Natasha, Servant of Life and Death comes into view.
She is carrying a wand of roots (8).
The angel stares off into space for a moment.
Natasha mumbles some strange words.
Grinder comes into view.
Found 9 gold pieces.
Grinder blinks!
The angel hits itself with a +1 whip of holy wrath!
The angel hits itself but does no damage.
Natasha zaps a wand.
The roots erupt in riotous growth!
The crimson imp is unaffected.
The grasping roots grab you!
Natasha is unaffected.
The grasping roots constrict you. The crimson imp hits you.
Grinder moves out of view.
You hear a shout!
You hear an angry hiss.
You slash the crimson imp! Your headbutt misses the crimson imp.
The crimson imp is heavily wounded.
The grasping roots constrict you. You block the crimson imp's attack.
You hit the crimson imp. Your headbutt misses the crimson imp.
The crimson imp is severely wounded.
The grasping roots constrict you. You block the crimson imp's attack.
The grasping roots constrict you.
The angel rambles incoherently.
You closely miss the crimson imp.
The crimson imp is severely wounded.
The crimson imp blinks!
The grasping roots constrict you. Natasha claws you.
The grasping roots constrict you!
* * * LOW HITPOINT WARNING * * *
The grasping roots release their grip on you.
You hit Natasha.
Natasha is lightly wounded.
You closely miss Grinder. You slash the crimson imp!
You kill the crimson imp!
The crimson imp disappears in a puff of smoke!
Grinder gestures at you. Pain shoots through your body!
* * * LOW HITPOINT WARNING * * *
Natasha claws you.
You die...

..'..###§.+.....#...#...
..#≈§###.§#.....#A..#...
#.#≈.....≈##.#..#...#..#
###≈≈≈.≈≈≈#.|#.?#####..#
####'####..#...._....#
#.........#..!....##
#..................#
#..........§5#...$..
#........###@h..[...
#........# ###......
................ ..?...
.....###....##### ####.
####. ...##.#
#.......... ###########.


You could see an angel (mad), Grinder and Natasha.

Vanquished Creatures
  2 adders (D:2)
  2 worms (D:2)
  8 bats
  4 endoplasms
  5 goblins
  3 hobgoblins (D:2)
  6 jackals (D:1)
  2 kobolds
  A quokka (D:3)
  5 ball pythons
  2 frilled lizards
  2 rats (D:2)
42 creatures vanquished.

Notes
Turn   | Place    | Note
-------+----------+-------------------------------------------
     0 | D:1      | bmack86 the Minotaur Fighter began the quest for the Orb.
     0 | D:1      | Reached XP level 1. HP: 19/19 MP: 0/0
   234 | D:1      | Reached XP level 2. HP: 27/27 MP: 1/1
   509 | D:1      | Found a faded altar of an unknown god.
   517 | D:1      | Got Plato's Compilation of Battle Magic
  1111 | D:2      | Reached XP level 3. HP: 33/33 MP: 2/2
  1999 | D:3      | Reached XP level 4. HP: 33/40 MP: 3/3
  2059 | D:3      | Reached skill level 1 in Throwing
  2078 | D:3      | Found a glowing silver altar of Zin.
  2080 | D:3      | Noticed an angel
  2083 | D:3      | Noticed Natasha
  2086 | D:3      | Noticed Grinder
  2090 | D:3      | Slain by Natasha

Illustrated notes

Levels and vault maps discovered:
D:1:      kennysheep_arrival_forest, layout_loops_corners,
          shapermc_ecumenical_altar_rom_forum, nicolae_figureground_pulse
D:2:      minmay_general_purpose_star, layout_loops_corners
D:3:      layout_rooms, grunt_temple_overflow_order_and_chaos_1,
          kennysheep_generic_room_11, uniq_grinder, uniq_natasha, uniq_sigmund

Skill      XL: |  1  2  3  4 |
---------------+-------------+-----
Axes           | 3 |  3.6
Fighting       | 4 |  4.2
Armour         | 4 |  4.1
Shields        | 4 |  4.1
Throwing       | 1 |  1.0

Action                   |  1- 3 |  4- 6 || total
-------------------------+-------+-------++-------
Melee: War axe           |    61 |     8 ||    69
       Headbutt          |     5 |     3 ||     8
Throw: Dart              |     2 |       ||     2
  Use: Scroll            |     5 |       ||     5
Armor: Scale mail        |    26 |     2 ||    28
Dodge: Dodged            |    41 |     2 ||    43
Block: Buckler           |    14 |     6 ||    20

Table legend: (Time is in decaauts)
 A = Elapsed time spent in this place.
 B = Non-inter-level travel time spent in this place.
 C = Inter-level travel time spent in this place.
 D = Time resting spent in this place.
 E = Time spent auto-exploring this place.
 F = Levels seen in this place.
 G = Mean time per level.
                   A        B        C        D        E       F      G
               +--------+--------+--------+--------+--------+-----+--------+
         Total |   2113 |   2028 |     85 |      0 |   1468 |   3 |  704.3 |
       Dungeon |   2113 |   2028 |     85 |      0 |   1468 |   3 |  704.3 |
               +--------+--------+--------+--------+--------+-----+--------+

Top non-repeatable levels by time:
     D:1: 1120 daAuts
     D:2: 891 daAuts
     D:3: 102 daAuts
